 Dungeon Crawl Stone Soup version 0.14-a0-2474-g7d54a28 (webtiles) character file.

1100 PolkaDot the Martial Artist (level 7, 0/56 HPs)
             Began as a Vampire Monk on Feb 8, 2014.
             Succumbed to poison (a potion of poison)
             ... on Level 6 of the Dungeon.
             The game lasted 00:14:43 (4344 turns).

PolkaDot the Martial Artist (Vampire Monk)          Turns: 4344, Time: 00:14:43

HP   0/56        AC  3     Str 15      XL: 7   Next: 55%
MP   7/7         EV 14     Int 12      God:
Gold 318         SH  0     Dex 18      Spells:  0 memorised,  6 levels left

rFire  . . .     SeeInvis +       - Unarmed
rCold  + . .     Rnd*Rage +     t - +0 elf robe
rNeg   . . .     Conserve .     (no shield)
rPois  .         rCorr    .     (no helmet)
rElec  .         rRot     .     b - +0 dwarf cloak
SustAb . .       Spirit   .     (no gloves)
rMut   .         Warding  .     (no boots)
Saprov . . .     Stasis   .     (no amulet)
MR     .....                    (no ring)
                                k - ring of sustenance

@: regenerating very quickly, mighty, mildly poisoned, not resistant to hostile
enchantments, stealthy
A: bottle blood, fangs 3, hooves 1, see invisible, berserk 1, cold resistance 1,
unbreathing
a: Bottle Blood


You were on level 6 of the Dungeon.
You were almost alive.

You visited 1 branch of the dungeon, and saw 6 of its levels.

You collected 318 gold pieces.

Inventory:

Armour
 b - a +0 dwarven cloak (worn)
 t - a +0 elven robe (worn)
Magical devices
 g - a wand of enslavement (15)
 r - a wand of paralysis (18) {unknown}
 s - a wand of polymorph (13) {unknown}
Scrolls
 c - 6 scrolls of identify
 d - 3 scrolls of teleportation {unknown}
 e - 6 scrolls of remove curse
 j - 2 scrolls of amnesia {unknown}
 l - 2 scrolls of enchant weapon II {unknown}
 m - a scroll of fear {unknown}
 n - a scroll of blinking {unknown}
 o - a scroll of fog {unknown}
Jewellery
 k - a ring of sustenance (left hand)
Potions
 f - 3 potions of resistance
 h - a potion of mutation {!q}
 i - a potion of brilliance
 p - a potion of curing
 q - 12 potions of blood {@w2}


   Skills:
 + Level 5.1 Fighting
 - Level 3.2 Dodging
 - Level 3.0 Stealth
 * Level 8.8 Unarmed Combat


You had 6 spell levels left.
You didn't know any spells.

Dungeon Overview and Level Annotations

Branches:
Dungeon (6/16)             Temple (0/1) D:5

Altars:
Fedhas
Okawaru
The Shining One

Annotations:
D:4 exclusion: oklob plant


Innate Abilities, Weirdness & Mutations

Your natural rate of healing is extremely fast.
You can bottle blood from corpses.
You have razor-sharp teeth.*
You have supernaturally acute eyesight.
You can survive without breathing.*
You have large cloven feet.*
You tend to lose your temper in combat.+ Your flesh is cold resistant.*+


Message History

* * * LOW HITPOINT WARNING * * *
You feel sick.
* * * LOW HITPOINT WARNING * * *
You feel sick.
* * * LOW HITPOINT WARNING * * *
You feel sick.
* * * LOW HITPOINT WARNING * * *
You feel sick.
* * * LOW HITPOINT WARNING * * *
You feel sick.
* * * LOW HITPOINT WARNING * * *
You feel sick.
* * * LOW HITPOINT WARNING * * *
You feel sick.
* * * LOW HITPOINT WARNING * * *
You feel sick.
* * * LOW HITPOINT WARNING * * *
You feel sick.
You feel a little better.
You die...

####### ##
####################.#.#.## #.
..................##≈≈≈≈≈≈### #.
##.###.####.......#_.....(%(# #.
#.................##≈≈≈≈≈(#(# #.
...........o.......##.#.#.#(# #.
#..###.####.o..)...########(# #.
#..# #......................# #.
#..# #..#.....o.@........#### #.
........#.##..##............####.
##.##...#.##...#.........##.##.#.
#.##...#.###..#.........##.#....
#.##...#.# #..#.........##.##.#.
#.##.....# #..#......>>.##.#....
##..### #..#####.#.####...#..
#..# #..# #.#.# ###.[.. ..# #..
#.#.# #...%


You could see an orc warrior and 2 orcs.

Vanquished Creatures
  A centaur (D:4)
  Duvessa (D:6)
  2 giant frogs
  A crimson imp (D:6)
  2 orc priests
  2 big fish (D:4)
  Dowan (D:6)
  An iguana (D:3)
  2 orc wizards (D:4)
  3 worker ants
  3 adders
  A gnoll (D:6)
  4 worms
  A giant gecko (D:6)
  9 orcs
  3 ball pythons
  A giant cockroach (D:1)
  9 goblins
  21 hobgoblins
  2 jackals (D:2)
  3 quokkas
  6 bats
  4 giant newts
  A giant newt skeleton (D:5)
  A gnoll zombie (D:2)
  A goblin skeleton (D:2)
  A hobgoblin skeleton (D:2)
  14 kobolds
  An orc skeleton (D:2)
  A quokka zombie (D:2)
  9 rats
112 creatures vanquished.

Notes
Turn   | Place    | Note
--------------------------------------------------------------
     0 | D:1      | PolkaDot, the Vampire Monk, began the quest for the Orb.
     0 | D:1      | Reached XP level 1. HP: 17/17 MP: 1/1
   248 | D:1      | Reached XP level 2. HP: 23/23 MP: 2/2
   743 | D:2      | Reached skill level 5 in Unarmed Combat
   743 | D:2      | Reached XP level 3. HP: 19/29 MP: 3/3
   886 | D:2      | Found a glowing golden altar of the Shining One.
  1528 | D:3      | Reached XP level 4. HP: 32/35 MP: 4/4
  2005 | D:3      | Reached skill level 6 in Unarmed Combat
  2345 | D:4      | Noticed a centaur
  2349 | D:4      | Reached XP level 5. HP: 29/42 MP: 5/5
  2357 | D:4      | Killed a centaur
  2443 | D:4      | Noticed a giant frog
  2457 | D:4      | Killed a giant frog
  2457 | D:4      | Reached skill level 7 in Unarmed Combat
  2457 | D:4      | Reached XP level 6. HP: 10/48 MP: 6/6
  2748 | D:4      | Found a blossoming altar of Fedhas.
  3329 | D:4      | Gained mutation: You have large cloven feet. [potion of mutation]
  3329 | D:4      | Gained mutation: Your flesh is cold resistant. [potion of mutation]
  3329 | D:4      | Gained mutation: You tend to lose your temper in combat. [potion of mutation]
  3546 | D:4      | Noticed an oklob plant
  3623 | D:5      | Entered Level 5 of the Dungeon
  3707 | D:5      | Reached skill level 8 in Unarmed Combat
  3707 | D:5      | Reached XP level 7. HP: 55/55 MP: 7/7
  3806 | D:5      | Found a staircase to the Ecumenical Temple.
  3887 | D:6      | Noticed Dowan
  3894 | D:6      | Noticed Duvessa
  3897 | D:6      | Killed Dowan
  3925 | D:6      | Killed Duvessa
  3975 | D:6      | Reached skill level 5 in Fighting
  4205 | D:6      | Found an iron altar of Okawaru.
  4338 | D:6      | HP: 2/56 [poison (a potion of poison)]
  4343 | D:6      | HP: 1/56 [poison (a potion of poison)]
  4344 | D:6      | Succumbed to poison (a potion of poison)

Action                   |  1- 3 |  4- 6 |  7- 9 || total
-------------------------+-------+-------+-------++-------
Melee: Unarmed           |   148 |   176 |    75 ||   399
 Abil: Bottle Blood      |       |     6 |    11 ||    17
  Use: Potion            |     1 |    13 |     6 ||    20
       Scroll            |       |     3 |     2 ||     5
 Stab: Sleeping          |     4 |     4 |     2 ||    10
       Distracted        |       |     2 |       ||     2
       Invisible         |       |     4 |     4 ||     8
